Mandevil, lawful male human Monk ------------- |.....<.....| -@..........| |@..........| ............| ------------- Mandevil the Initiate Experience level: 7 Strength: 19 Dexterity: 14 Constitution: 10 Intelligence: 12 Wisdom: 11 Charisma: 11 Health: 0(68) Energy: 37(48) Def: 7 Gold: 892 Moves: 2196 Dungeon seed: NR5N1vQrBsfhZ-P5 Game ID: Mandevil_1655047846 Your Inventory: Coins $ - 892 gold pieces Weapons t - 10 uncursed +0 darts M - 6 uncursed +0 darts of frost Armor e - an uncursed +2 pair of leather gloves (being worn) n - an uncursed +1 robe (being worn) r - an uncursed +0 orcish helm of hunger (being worn) Comestibles d - 2 uncursed food rations f - 5 uncursed apples g - 5 uncursed oranges h - 2 uncursed fortune cookies T - an uncursed partly eaten food ration Scrolls b - an uncursed scroll of enchant armor j - an uncursed scroll of enchant weapon o - a blessed scroll of taming A - 3 uncursed scrolls of teleportation Potions c - an uncursed potion of healing l - a blessed potion of hallucination v - an uncursed potion of monster detection H - an uncursed potion of blindness L - 2 uncursed potions of water S - an uncursed potion of hallucination Rings I - an uncursed ring of levitation Wands B - an uncursed wand of speed monster (0:0) Tools i - an uncursed oil lamp (0:1437) k - an uncursed skeleton key w - an uncursed magic whistle F - an uncursed pair of lenses (being worn) R - an uncursed towel U - 2 blessed tallow candles (0:200) Gems q - 2 uncursed worthless pieces of yellowish brown glass y - an uncursed amber stone Spells and supernatural/magical abilities: Name Level Category Cost Memory h - healing 1 healing 8pw 97% l - light 1 divination 12pw 97% n - detect monsters 1 divination 12pw 97% w - wizard lock 2 matter 25pw 99% W - pray for help -- divine ? -- Your skills at the end: Fighting Skills martial arts [Skilled] wands [Basic] Weapon Skills Spellcasting Skills healing spells [Basic] Final Attributes: You were piously aligned. You were immune to sleep. You were poison resistant. You had fast metabolism. You saw invisible. You were warned. You had automatic searching. You were stealthy. You were slow. Shan Lai Ching was noncommittal. You are dead. Vanquished creatures: 2 small mimics a vampire bat a gnome king a gnome mummy 2 soldier ants 3 fire ants 6 Mordor orcs a shrieker 7 gnome lords a gnomish wizard a ghoul 2 kittens 3 dwarves 6 killer bees 2 gas spores a large kobold 2 giant rats a yellow mold 31 gnomes 2 garter snakes a gecko 4 jackals 3 lichens 3 newts 87 creatures vanquished. Voluntary challenges: You followed a strict vegan diet. You never hit with a wielded weapon. You read items or engraved 4 times, starting on turn 284. You never genocided any monsters. You never polymorphed an object. You never changed form. You used no wishes. You never split a pudding. You never wrote Elbereth's name. You violated your moral code, losing 35 points of alignment, starting on turn 600. Dungeon overview: The Dungeons of Doom: levels 1 to 5 Level 1 a fountain a long staircase Level 2 a fountain, a sink Level 3 an armor shop, a fountain Level 4 stairs to The Gnomish Mines Level 5 <- You were here The Gnomish Mines: levels 5 to 8 Level 5 stairs to The Dungeons of Doom Level 6 Level 7 Level 8 some shops, a temple to Huan Ti, some fountains, some trees History has recorded: On T:1 you entered the Dungeons of Doom to retrieve the Amulet of Yendor! On T:216 you reached level 2 of The Dungeons of Doom. On T:489 you reached level 3 of The Dungeons of Doom. On T:600 you advanced to experience level 2. On T:600 you advanced to experience level 3. On T:666 you advanced to experience level 4. On T:751 you reached level 4 of The Dungeons of Doom. On T:793 you reached level 1 of The Gnomish Mines. On T:851 you advanced to experience level 5. On T:1017 you reached level 2 of The Gnomish Mines. On T:1223 you reached level 3 of The Gnomish Mines. On T:1230 you advanced to experience level 6. On T:1471 you reached level 4 of The Gnomish Mines. On T:1556 you advanced to experience level 7. On T:2174 you reached level 5 of The Dungeons of Doom. Score breakdown: Gold: 892 (10037 points) Experience: 7 levels (13645 points) Exploration: 8 levels ( 16.67%) (11577 points) Discoveries: 9 items ( 3.17%) ( 5340 points) Valuables value: (no points given unless you survive) Artifact value: 0 ( 0 points) Variety of kills: 24 monsters ( 6.32%) ( 7539 points) Turncount: 2196 turns ( -139 points) Survival: died (score multiplied by 80%) Total score: 38399 Latest messages: You miss the invisible Bom. The invisible Bom swings his samurai sword at you. The invisible Bom hits! The invisible Bom swings his samurai sword at you. The invisible Bom hits! The invisible Bom swings his samurai sword at you. The invisible Bom hits! The invisible Bom swings his samurai sword at you. The invisible Bom hits! [2 turns] You feel better. The invisible Bom swings his samurai sword at you. The invisible Bom hits! The invisible Bom swings his samurai sword at you. The invisible Bom hits! The invisible Bom swings his samurai sword at you. The invisible Bom hits! The invisible Bom swings his samurai sword at you. The invisible Bom hits! You die... Final status: Goodbye Mandevil the Monk, killed by an invisible barbarian called "Bom"... You died in The Dungeons of Doom on dungeon level 5 with 38399 points, and 892 pieces of gold, after 2196 moves. You were level 7 with a maximum of 68 hit points when you died.